 Dungeon Crawl Stone Soup version 0.32-a0-41-gec2d92a32c (webtiles) character file.

Game seed: 7616279982095244420

95 cforsyth the Magician (level 4, -1/34 HPs)
             Began as a Djinni Enchanter on Jan 25, 2024.
             Killed from afar by Ijyb (10 damage)
             ... with a bolt of dispelling energy
             ... on level 3 of the Dungeon.
             The game lasted 00:03:40 (2115 turns).

cforsyth the Magician (Djinni Enchanter)            Turns: 2115, Time: 00:03:41

Health: -1/34      AC:  2    Str:  7    XL:     4   Next: 97%
Gold:   103        EV: 12    Int: 18    God:
                   SH:  0    Dex: 14

rFire   + + .        a - +1 dagger
rCold   x . .        (no shield)
rNeg    . . .        b - +0 robe
rPois   ∞            (no helmet)
rElec   .            (no cloak)
rCorr   .            (no gloves)
SInv    .            (boots unavailable)
Will    .....        (no amulet)
Stlth   ++           (no ring)
HPRegen 0.25/turn    (no ring)
MPRegen 0.00/turn

%: infuse magic (-2 HP)
@: flying
A: sickness immunity, fire resistance 2, cold vulnerability 1, float, innate
caster, HP casting, extra vitality 1
a: no special abilities


You were on level 3 of the Dungeon.
You visited 1 branch of the dungeon, and saw 3 of its levels.

You collected 103 gold pieces.

Inventory:

Hand Weapons
 a - a +1 dagger (weapon)
Missiles
 f - 2 throwing nets
Armour
 b - a +0 robe (worn)
Jewellery
 e - an amulet of faith
Scrolls
 i - a scroll of brand weapon {unknown}
 j - 3 scrolls of identify {unknown}
 k - a scroll of vulnerability {unknown}
 l - a scroll of blinking {unknown}
 n - a scroll of amnesia {unknown}
Potions
 c - a potion of invisibility
 d - a potion of heal wounds {unknown}
 g - a potion of magic {unknown}
 h - 4 potions of lignification {unknown}
 m - a potion of mutation {unknown}
 o - a potion of attraction {unknown}
 p - a potion of curing {unknown}


   Skills:
 + Level 2.8 Fighting
 - Level 0.8 Short Blades
 - Level 2.1 Dodging
 - Level 2.4 Stealth
 + Level 3.7 Spellcasting
 + Level 3.7 Conjurations
 + Level 3.7 Hexes
 + Level 3.7 Summonings
 + Level 3.7 Necromancy
 + Level 3.7 Translocations
 + Level 3.7 Fire Magic
 + Level 3.7 Ice Magic
 + Level 3.7 Air Magic
 + Level 3.7 Earth Magic
 + Level 3.7 Alchemy


You knew the following spells:

 Your Spells              Type           Power      Damage    Failure   Level
a - Ensorcelled Hibernat  Hex/Ice        32%        N/A       4%          2
b - Confusing Touch       Hex            16%        N/A       10%         3
c - Tukima's Dance        Hex            16%        N/A       10%         3
d - Dazzling Flash        Conj/Hex       32%        N/A       10%         3
e - Sandblast             Erth           32%        2d9       3%          1
Your spell library was empty.

Dungeon Overview and Level Annotations

Branches:
Dungeon (3/15)

Altars:

Shops:
D:2 :

Annotations:
D:3 Ijyb


Innate Abilities, Weirdness & Mutations

You are immune to sickness and miasma.
You are immune to poison.
Your flesh is very heat resistant. (rF++)
You are vulnerable to cold. (rC-)
You float through the air rather than walking.
You learn spells naturally, not from books.
Your magical power is your life essence.
You have superior vitality. (+4 MHP)


Message History

The ball python struggles against the net.
The ball python struggles against the net.
The net rips apart, and the ball python comes free!
The gnoll shouts!
The ball python hisses angrily.
You flicker for a moment.
You flicker back into view.
You see here a +0 club.
You start resting.
A ball python is nearby!
A ball python is nearby!
The ball python hisses angrily.
The blast of sand hits the ball python!
You kill the ball python!
HP restored.
You see here a frilled lizard skeleton.
Ijyb the Twisted Goblin comes into view.
She is wielding a +0 dagger and carrying a wand of quicksilver.
The blast of sand hits Ijyb!
Ijyb is moderately wounded.
Ijyb zaps a wand.
The bolt of dispelling energy misses you.
Ijyb zaps a wand.
The bolt of dispelling energy hits you!!
Ouch! That really hurt!
Casting: Sandblast (safe; 3% risk of failure)
Confirm with . or Enter, or press ? or * to list all spells.
Aiming: Tukima's Dance (quite dangerous; 10% risk of failure)
Press: ? - help, Shift-Dir - straight line, f/p - Ijyb
Aim: Ijyb, wielding a +0 dagger, wearing a +0 leather armour and carrying a wand of quicksilver (moderately wounded, chance to affect: 58%)
The +0 dagger dances into the air!
* * * LOW HITPOINT WARNING * * *
Casting: Tukima's Dance (quite dangerous; 10% risk of failure)
Confirm with . or Enter, or press ? or * to list all spells.
Aiming: Ensorcelled Hibernation (safe; 4% risk of failure)
Press: ? - help, Shift-Dir - straight line, f/p - Ijyb
Aim: Ijyb, wearing a +0 leather armour and carrying a wand of quicksilver (moderately wounded, ally target, chance to affect: 58%) Ijyb resists with significant effort.
* * * LOW HITPOINT WARNING * * *
Ijyb zaps a wand.
The bolt of dispelling energy hits you!
You die...

..###.##.......# .
..............# #.
.............#
#.##............#
#(.#.<.....>....#
#.g..>.......###
#..#.###..#...# .
#..........### .
##.@##...÷...#######
#..###..###.........
#..##....#
#.....###. #.#
#.##.# ###....##. #.
#.##.####..#..... .
#.##............. #
#.##..(........#.
#####..#...######
#...÷÷#...#


You could see Ijyb (ally target) and a friendly +0 dagger.

Vanquished Creatures
  A gnoll (D:3)
  4 dart slugs
  2 ribbon worms (D:2)
  2 orcs (D:3)
  3 ball pythons
  7 bats
  5 endoplasms
  6 giant cockroaches (D:1)
  4 goblins
  9 hobgoblins
  2 jackals (D:3)
  6 kobolds
  2 quokkas
  2 frilled lizards
  8 rats
63 creatures vanquished.

Notes
Turn   | Place    | Note
-------+----------+-------------------------------------------
     0 | D:1      | cforsyth the Djinni Enchanter began the quest for the Orb.
     0 | D:1      | cforsyth set off with the following spells memorised:
                  | Ensorcelled Hibernation, Confusing Touch, Tukima's Dance,
                  | Dazzling Flash.
     0 | D:1      | Reached XP level 1. HP: 15/15 MP: 0/0
    77 | D:1      | Reached XP level 2. HP: 18/22 MP: 0/0
   105 | D:1      | Reached skill level 1 in Fighting
   385 | D:1      | Reached XP level 3. HP: 23/27 MP: 0/0
   385 | D:1      | Learned a level 1 spell: Sandblast
  1284 | D:2      | Found Nipoadip's Book Emporium.
  1296 | D:2      | Reached XP level 4. HP: 31/33 MP: 0/0
  2112 | D:3      | Noticed Ijyb
  2115 | D:3      | Killed from afar by Ijyb

Illustrated notes

Levels and vault maps discovered:
D:1:      spicycebolla_green_bress_n_ham, layout_basic
D:2:      layout_loops_corners, serial_shops, nicolae_square_shop,
          nicolae_twisty_statue_hallways
D:3:      layout_rooms, nicolae_tso_carved_into_rock, serial_curves,
          eino_curves_02, eino_curves_01, eino_curves_03, uniq_ijyb

Skill      XL: |  1  2  3 |
---------------+----------+-----
Spellcasting   | 3 |  3.7
Conjurations   | 3 |  3.7
Hexes          | 3 |  3.7
Summonings     | 3 |  3.7
Necromancy     | 3 |  3.7
Translocations | 3 |  3.7
Fire Magic     | 3 |  3.7
Ice Magic      | 3 |  3.7
Air Magic      | 3 |  3.7
Earth Magic    | 3 |  3.7
Alchemy        | 3 |  3.7
Fighting       | 1 2 |  2.8
Short Blades   | |  0.8
Dodging        | |  2.1
Stealth        | |  2.4

Action                     |  1- 3 |  4- 6 || total
---------------------------+-------+-------++-------
  Melee: Dagger            |    71 |     1 ||    72
         Punch             |     1 |       ||     1
   Cast: Sandblast         |    28 |    41 ||    69
         Ensorcelled Hiber |     1 |     2 ||     3
         Tukima's Dance    |       |     1 ||     1
    Use: Potion            |       |     1 ||     1
   Stab: Sleeping          |     6 |       ||     6
 Armour: Robe              |    51 |    17 ||    68
  Dodge: Dodged            |    47 |    18 ||    65

Table legend: (Time is in decaauts)
 A = Elapsed time spent in this place.
 B = Non-inter-level travel time spent in this place.
 C = Inter-level travel time spent in this place.
 D = Time resting spent in this place.
 E = Time spent auto-exploring this place.
 F = Levels seen in this place.
 G = Mean time per level.
                   A        B        C        D        E       F      G
               +--------+--------+--------+--------+--------+-----+--------+
         Total |   2146 |   2095 |     51 |    129 |   1482 |   3 |  715.3 |
       Dungeon |   2146 |   2095 |     51 |    129 |   1482 |   3 |  715.3 |
               +--------+--------+--------+--------+--------+-----+--------+

Top non-repeatable levels by time:
     D:2: 939 daAuts
     D:1: 902 daAuts
     D:3: 304 daAuts
